← All builds
Geo / Armada / Economy first / OBSERVED BUILD

Mauser artillery

Armada Geo build order · Supreme Isthmus

Geo rushes an Advanced Vehicle Plant and pushes Mauser artillery to the middle well ahead of the normal T2 timing, shelling the front before shifting to standard Starlight supply.

#artillery #t2 #push · 47 distinct matches · 21 players · 3% of Armada Geo games · team won 58% of 48 · Recently observed

THE CATCH, AND WHAT COMES WITH IT
  • MauserT2 vehicle artillery from 5:32 · 3% of role by thenFrom the Advanced Vehicle Plant. Only 3% of Geo games have it by then; others who build it get it around 8:16
  • Advanced Vehicle PlantAdvanced Vehicle Plant in 81%6% of all Geo games by then
  • Vehicle PlantVehicle Plant in 81%15% of all Geo games by then
  • UmbraJammer in 48%2% of all Geo games by then

Where those units first fight, in 48 games with kill data: in the middle 83%, on their own side 17%.

Those units destroy a typical 3,870 metal of enemy units by 15:00.

Then transitions into Jaguar (24% of army), Starlight (22% of army).

HOW TO PLAY IT

Key timing: Mauser out by 5:58

  1. Open mex and geo like normal, but rush Vehicle Plant by 3:58.
  2. Push straight into Advanced Vehicle Plant well ahead of the norm.
  3. Field Mauser mobile arty from the T2 plant to shell middle early.
  4. Add jammer support to protect the arty push.
  5. Ease into Advanced Geothermal and the usual Starlight/Jaguar transition.

Phase by phase

TYPICAL OF ITS 47 GAMES · AGAINST STANDARD GEO
  1. 1
  2. 2
  3. 3
  4. 4
PLAY THE OPENING

Follow the example game's first 6:33 step by step: what to build now, what comes next, and where it goes. At 1× it keeps pace with your own game.

  1. 1

    Up to the Bot Lab

    Economy
    • Metal Extractor3Mex
    • Wind Turbine3Wind
    Order
    1. Bot LabBot Lab after 3 mex, 3 winddone ~1:13, middle half 0:54–1:19

    By 0:56 in all: 3 mex · 3 wind

    The example game in this phase · 3 steps
    1. Mex ×3
    2. Wind ×4
    3. Bot LabBot Labdone 1:18 · typical 1:13
  2. 2

    Bot Lab to Vehicle Plant

    Economy
    • Metal Extractor1Mex
    • Wind Turbine2Wind
    • Energy Converter4Converter
    • Energy Storage1Energy storage
    Order
    1. Geothermal PowerplantGeo after 4 mex, 5 wind, 1 energy storage
    2. Vehicle PlantVehicle Plant after 4 mex, 6 wind, 4 converterdone ~4:22, middle half 4:03–4:49
    Builders
    • Construction Turret3 Con turret
    • Lazarus4 Lazarus
    • Construction Bot2 Con bot
    • Construction Bot1 Con bot for allies
    • Lazarus1 Lazarus for allies

    By 4:07 in all: 4 mex · 6 wind · 1 geo · 4 converter · 1 energy storage · 3 con turret

    The example game in this phase · 15 steps
    1. LazarusLazarus ×2
    2. Construction BotCon botfor Beach sea
    3. LazarusLazarus ×2
    4. Construction BotCon bot
    5. Construction BotCon botfor Beach sea
    6. Mex
    7. LazarusLazarusfor Beach sea
    8. Con turret
    9. LazarusLazarusfor Tech
    10. LazarusLazarus
    11. Construction BotCon botfor Pond
    12. Geothermal PowerplantGeodone 3:51 · typical 3:17
    13. Converter ×6
    14. Con turret
    15. Vehicle PlantVehicle Plantdone 4:17 · typical 4:22
  3. 3

    Vehicle Plant to T2 vehicle artillery

    Economy
    • Energy Converter3Converter−3 vs standard
    Order
    1. Advanced Vehicle PlantAdvanced Vehicle Plant after 4 mex, 6 wind, 6 converter
    2. MauserT2 vehicle artillery after 4 mex, 6 wind, 8 converter
    Builders
    • Construction Vehicle1 Con vehicle

    The standard build makes here, this one skips: 2 con turret

    By 5:32 in all: 4 mex · 6 wind (standard 8) · 1 geo · 8 converter · 1 energy storage · 3 con turret (standard 6)

    The example game in this phase · 3 steps
    1. Construction VehicleCon vehicle
    2. Advanced Vehicle PlantAdvanced Vehicle Plantdone 5:15 · typical 5:21
    3. MauserMauserdone 5:23
  4. 4

    T2 vehicle artillery to 10:00

    Economy
    • Wind Turbine5Wind−4 vs standard
    Builders
    • Construction Turret2 Con turret
    • Advanced Construction Vehicle1 T2 con vehicle
    Army
    • Mauser4 Mauser +4 vs standard
    • Prophet1 Radar vehicle

    Some games also: jammer (48%) · T2 con vehicle for allies (48%) · Advanced Geothermal Powerplant (42%) · converter (40%) · Jaguar (35%)

    The standard build makes here, this one skips: 6 converter · 2 Starlight

    By 10:00 in all: 4 mex · 12 wind (standard 20) · 1 geo · 1 Advanced Geothermal Powerplant · 9 converter (standard 16) · 1 energy storage

    The example game in this phase · 47 steps
    1. MauserMauser ×2
    2. Advanced Construction VehicleT2 con vehiclefor Front
    3. Energy storage
    4. Advanced Metal ExtractorT2 mexfor Techdone 6:41 · typical 7:17
    5. Energy storage
    6. Advanced Metal ExtractorT2 mex
    7. Con turret
    8. Advanced Metal ExtractorT2 mex
    9. Con turret
    10. Advanced Metal ExtractorT2 mexfor Tech
    11. Advanced Geothermal PowerplantAdvanced Geothermal Powerplantdone 9:02 · typical 10:06
    12. Con turret
    13. ShredderShredderfor Techdone 9:12
    14. Con turret
    15. ShredderShredderfor Tech
    16. Con turret
    17. Converter ×2
    18. ShredderShredderfor Tech
    19. Converter ×3
    20. ShredderShredder
    21. Converter
    22. ShredderShredderfor Tech
    23. Wind ×2
    24. StarlightStarlightnot finished by 15:00 · typical 11:08
    25. Wind
    26. JaguarJaguar
    27. Wind
    28. JaguarJaguar
    29. Wind
    30. JaguarJaguar
    31. Wind ×2
    32. JaguarJaguar
    33. Wind ×2
    34. JaguarJaguar
    35. Wind ×2
    36. JaguarJaguar
    37. Wind
    38. JaguarJaguar
    39. Radar TowerRadar Tower
    40. StarlightStarlight ×2
    41. JaguarJaguar ×2
    42. BeamerBeamer
    43. JaguarJaguar
    44. BeamerBeamer
    45. JaguarJaguar
    46. BeamerBeamer
    47. JaguarJaguar

Counts are medians over the build's games: half of them build more, half fewer. The example game is Syphos's (42 OS, 25/09/2026); pick another.

Team trades

IN AT LEAST 30% OF ITS GAMES

You hand over

  • Lazarus1 Lazarus to Beach seafirst at 2:16 · in 56% of games
  • Construction Bot1 Con bot to Beach sea or Pondfirst at 2:47 · in 67% of games
  • Advanced Construction Vehicle2 T2 con vehicle to Front or Suicide frontfirst at 8:59 · in 56% of games

You get

  • Advanced Construction Bot1 T2 con bot from Techfirst at 5:16 · in 35% of games

How it plays out

Typical game of this build against the role’s standard build, running totals by minute

  • This build
  • Standard geo

Metal produced

020k40k
0:005:0010:0015:00

metal

Enemy metal destroyed

05k10k15k
0:005:0010:0015:00

metal

Own metal lost

02.5k5k7.5k
0:005:0010:0015:00

metal

48 games.

Show as table
ByMetal produced: This buildMetal produced: Standard geoEnemy metal destroyed: This buildEnemy metal destroyed: Standard geoOwn metal lost: This buildOwn metal lost: Standard geo
1:003753330000
2:008848280000
3:00154915280000
4:00268627060000
5:00449337290000
6:00635857200000
7:0075228140147000
8:00917311502102504221
9:001142814509177652391130
10:0013801174252350627992320
11:001653120405337320751311790
12:0018838233054434398217281933
13:0020821261125814608619933295
14:0023052290017093849332904700
15:002543031601104641033946936090
WHAT THE NUMBERS SAY

Matched the standard build's win rate while destroying more enemy metal and losing much less of its own by 15:00.

  • + Destroyed 10530 enemy metal by 15:00 vs 9875 standard.
  • + Lost only 4760 own metal by 15:00 vs 6281 standard.
  • − Metal production fell behind standard by 15:00 (27371 vs 31426).
THE EXAMPLE YOU ARE READING

Syphos

42.2 OS · 25/09/2026

Open source match ↗

2 received units · includes a constructor
984 metal received · 69247 energy received

Allied construction assistance is unknown. Timings are observations, not a promise of solo reproducibility.

Typical milestones

Bot Lab1:13Middle 50%: 0:54–1:19 · n=48
Geothermal Powerplant3:17Middle 50%: 3:00–3:33 · n=48
Vehicle Plant4:22Middle 50%: 4:03–4:49 · n=48
Advanced Vehicle Plant5:21Middle 50%: 5:07–6:06 · n=48
Advanced Metal Extractor7:17Middle 50%: 6:21–8:21 · n=47
Advanced Geothermal Powerplant10:06Middle 50%: 8:37–10:49 · n=36
Starlight11:08Middle 50%: 10:21–12:02 · n=30

Played most by

kbssilks5games of this buildPRO_HYDRA5games of this buildOldSpanker4games of this buildViltrum4games of this build[FCRD]Tragedy3games of this build